[Event "*** SCC Grand Prix: Titled Tuesday Blitz"]
[Site "Chess.com"]
[Date "2020.07.07"]
[Round "10"]
[White "Ze-Pequeno"]
[Black "Blagorod"]
[Result "0-1"]
[WhiteElo "2219"]
[BlackElo "2114"]
[TimeControl "180+1"]
[EndTime "11:56:25 PDT"]
[Termination "Blagorod won by resignation"]

1. e4 e5 2. Nf3 Nf6 3. Nxe5 d6 4. Nf3 Nxe4 5. d4 d5 6. Bd3 Nc6 7. O-O Be7 8. c4 Nb4 9. Be2 O-O 10. Nc3 Nxc3 11.
bxc3 Nc6 12. Re1 Bf5 13. Nd2 Bf6 14. Bf3 Ne7 15. Ba3 Re8 16. Bxe7 Rxe7 17. cxd5 Rxe1+ 18. Qxe1 Qd7 19. Nc4 Re8 20. Qd2 Qa4 21. Ne3 Bg6 22.
Qd1 Qa5 23. Qb3 Bg5 24. Nc4 Qa6 25. Ne5 Bf5 26. a4 h6 27. Qb5 Qxb5 28. axb5 Bf4 29. Nc4 Bd3 30. Na3 Bd2 0-1

[Event "*** SCC Grand Prix: Titled Tuesday Blitz"]
[Site "Chess.com"]
[Date "2020.07.07"]
[Round "10"]
[White "2nd_life"]
[Black "KaterynaLagno"]
[Result "0-1"]
[WhiteElo "2488"]
[BlackElo "2744"]
[TimeControl "180+1"]
[EndTime "11:56:26 PDT"]
[Termination "KaterynaLagno won on time"]

1. e4 e5 2. f4 exf4 3. Nf3 Ne7 4. Nc3 Ng6 5. d4 d6 6. Bc4 Be7 7. O-O O-O 8. Ne2 Be6 9. Bd3 f5 10. d5 fxe4 11. dxe6 exd3 12. Qxd3 Nc6 13. Nfd4 Nce5 14.
Qh3 Bg5 15. Nc3 c6 16. Kh1 d5 17. Qh5 Qf6 18. Bd2 Nc4 19. Nf3 Nxd2 20. Nxd2 Rae8 21. Rae1 Bh6 22. Nf3 Rxe6 23. Rxe6 Qxe6 24. Re1 Qf6 25. Na4 b6 26. c3 Qd6 27. b3 Qa3 28. Qg4 Qxa2 29. Qe6+ Kh8 30. Qxc6 Qxb3 0-1

[Event "*** SCC Grand Prix: Titled Tuesday Blitz"]
[Site "Chess.com"]
[Date "2020.07.07"]
[Round "10"]
[White "dolynachess"]
[Black "BogdanDeac"]
[Result "0-1"]
[WhiteElo "2469"]
[BlackElo "2797"]
[TimeControl "180+1"]
[EndTime "11:56:28 PDT"]
[Termination "BogdanDeac won by resignation"]

1. d4 d5 2. c4 e6 3. Nf3 Nf6 4. g3 Be7 5. Bg2 O-O 6. O-O dxc4 7. Ne5 Nc6 8. Nxc6 bxc6 9. Na3 Bxa3 10. bxa3 Ba6 11.
Bxc6 Rb8 12. Bf3 Qd7 13. Bg5 Rfd8 14. e3 c5 15. dxc5 Qb5 16. Qc2 Qxc5 17. Bxf6 gxf6 18.
Qc3 Qe5 19. Rfc1 Rb2 20. Qxe5 fxe5 21. Rc3 Rdd2 22. Rf1 Rxa2 23. Bc6 Rd3 24. Rfc1 Rxa3 25. Rxa3 Rxa3 26. Rb1 c3 27. Be4 f5 28. Bc2 e4 29.
Rb8+ Kg7 30. Ra8 Bd3 0-1

[Event "*** SCC Grand Prix: Titled Tuesday Blitz"]
[Site "Chess.com"]
[Date "2020.07.07"]
[Round "10"]
[White "MisiekZielony"]
[Black "teacher4chess"]
[Result "1-0"]
[WhiteElo "2186"]
[BlackElo "2001"]
[TimeControl "180+1"]
[EndTime "11:56:28 PDT"]
[Termination "MisiekZielony won by resignation"]

1. c4 e6 2. Nc3 d5 3. d4 c6 4. cxd5 exd5 5. Nf3 Be7 6. Bf4 Nf6 7. e3 Ne4 8. Bd3 Bg4 9. Qb3 Nxc3 10. Qxb7 Qb6 11. Qxa8 O-O 12. bxc3 Nd7 13. Qxf8+ Nxf8 14.
Ne5 Qb2 15. O-O Bh5 16. Nxc6 Qxc3 17. Nxe7+ Kh8 18. Rfc1 Qxd3 19. Rc8 h6 20. Rxf8+ Kh7 21. Rc8 Qe4 22. Rc7 g5 23. Be5 Bg6 24. Rc8 1-0

[Event "*** SCC Grand Prix: Titled Tuesday Blitz"]
[Site "Chess.com"]
[Date "2020.07.07"]
[Round "10"]
[White "tylityli"]
[Black "chessplayer9919"]
[Result "0-1"]
[WhiteElo "2207"]
[BlackElo "2631"]
[TimeControl "180+1"]
[EndTime "11:56:30 PDT"]
[Termination "chessplayer9919 won by resignation"]

1. d4 Nf6 2. c4 c5 3. d5 b5 4. Nd2 bxc4 5. e4 d6 6. Bxc4 g6 7. b3 Bg7 8. Bb2 O-O 9. Ngf3 Re8 10.
O-O Nxe4 11. Bxg7 Nxd2 12. Bh6 Nxf1 13. Qxf1 Nd7 14. Qd3 Nf6 15. h3 Bf5 16. Qc3 e5 17. dxe6 Bxe6 18. Rd1 Bxc4 19. bxc4 Qe7 20. Bg5 Ne4 21.
Bxe7 Nxc3 22. Re1 Rab8 23. g4 Rb2 24. Kg2 Rxa2 25. Bxd6 Rxe1 26. Nxe1 Ne4 27. Be7 Rxf2+ 28. Kg1 Re2 29. Nd3 a5 30. Nxc5 Nxc5 31. Bxc5 a4 32. Bb4 Rb2 33. Ba3 Rc2 34. c5 Rc3 35. Bb4 Rc4 36. Ba3 Rc2 37. Kf1 h5 38. gxh5 gxh5 39. h4 Rc4 40. Ke1 Rxh4 41. Kd2 Rc4 42. Kd3 Rg4 43.
c6 Rg6 44. c7 Rc6 45. Bd6 Rxd6+ 0-1

[Event "*** SCC Grand Prix: Titled Tuesday Blitz"]
[Site "Chess.com"]
[Date "2020.07.07"]
[Round "10"]
[White "Na_binci"]
[Black "TwentyHourADay"]
[Result "0-1"]
[WhiteElo "1983"]
[BlackElo "2325"]
[TimeControl "180+1"]
[EndTime "11:56:31 PDT"]
[Termination "TwentyHourADay won on time"]

1. d4 d6 2. Nf3 g6 3. c4 Bg7 4.
Nc3 Nf6 5. e4 O-O 6. Be2 Nbd7 7.
O-O e5 8. d5 Nc5 9. Qc2 a5 10.
Ne1 h6 11. b3 Nh7 12. a3 f5 13.
Rb1 Ng5 14. Bxg5 Qxg5 15. b4 Nxe4 16. Nxe4 fxe4 17. c5 axb4 18. axb4 e3 19. f3 e4 20.
cxd6 cxd6 21. fxe4 Rxf1+ 22. Bxf1 Be5 23. Nf3 Qf4 24.
Nxe5 dxe5 25. Be2 Qf2+ 26. Kh1 Bg4 27. Bd3 e2 28. Bxe2 Bxe2 29. d6 Rf8 30. h3 Rf3 31. Rb3 Qe1+ 32. Kh2 Qg3+ 0-1

[Event "*** SCC Grand Prix: Titled Tuesday Blitz"]
[Site "Chess.com"]
[Date "2020.07.07"]
[Round "10"]
[White "LedakovAlexandr"]
[Black "attack2mateU"]
[Result "0-1"]
[WhiteElo "2501"]
[BlackElo "2636"]
[TimeControl "180+1"]
[EndTime "11:56:32 PDT"]
[Termination "attack2mateU won by resignation"]

1. d4 Nf6 2. Nf3 g6 3. Nc3 d5 4. Bf4 Bg7 5. e3 O-O 6. Nb5 Na6 7. c3 b6 8. h3 Bb7 9. Be2 c5 10.
O-O Nd7 11. Qa4 Qc8 12. Qd1 Bc6 13. a4 Qb7 14. Rb1 Rac8 15. b4 cxb4 16. cxb4 Nf6 17.
Nxa7 Qxa7 18. b5 Ne4 19. Qb3 Nac5 20. dxc5 Nxc5 21. Qb4 Bd7 22. Ra1 Bxa1 23. Rxa1 f6 24. Be5 fxe5 25. Nxe5 Qc7 26. f4 Bf5 27. a5 bxa5 28.
Rxa5 Ne4 29. b6 Qc1+ 30. Kh2 Qxe3 31. Bf3 Qxf4+ 0-1

[Event "*** SCC Grand Prix: Titled Tuesday Blitz"]
[Site "Chess.com"]
[Date "2020.07.07"]
[Round "10"]
[White "iaraldinho"]
[Black "VerdeNotte"]
[Result "0-1"]
[WhiteElo "2578"]
[BlackElo "2782"]
[TimeControl "180+1"]
[EndTime "11:56:34 PDT"]
[Termination "VerdeNotte won by resignation"]

1. e4 g6 2. d4 d6 3. Nc3 Nf6 4. f3 Bg7 5. Be3 Nbd7 6. Qd2 a6 7. O-O-O e6 8. g4 b5 9. a3 Nb6 10. h4 h5 11. g5 Nfd7 12. f4 Qe7 13. Qf2 Bb7 14. Rh2 d5 15. f5 dxe4 16. f6 Bxf6 17. gxf6 Nxf6 18. Bg5 Ng4 19. Bxe7 Nxf2 20. Bf6 Nxd1 21.
Bxh8 Nxc3 22. bxc3 Kd7 23. Be5 f6 24. Bg3 Bd5 25.
Nh3 Bc4 26. Bxc4 Nxc4 27. Nf4 Nxa3 28. Rf2 Rg8 29. Ng2 f5 30. Ne3 g5 31. hxg5 Rxg5 32.
Bf4 Rg1+ 33. Kb2 Nc4+ 34. Nxc4 bxc4 35. Rh2 Rg4 36. Be5 h4 37. Bf6 f4 38. Bxh4 e3 39.
Rh3 Rxh4 40. Rxh4 e2 0-1

[Event "*** SCC Grand Prix: Titled Tuesday Blitz"]
[Site "Chess.com"]
[Date "2020.07.07"]
[Round "10"]
[White "HouseOfDurin"]
[Black "Karina_Ivanova"]
[Result "1-0"]
[WhiteElo "2038"]
[BlackElo "2185"]
[TimeControl "180+1"]
[EndTime "11:56:37 PDT"]
[Termination "HouseOfDurin won on time"]

1. d4 Nf6 2. Bg5 e6 3. e4 h6 4.
Bxf6 Qxf6 5. e5 Qd8 6. f4 c5 7. c3 Nc6 8. Nf3 cxd4 9. Nxd4 Bc5 10. Nb5 O-O 11. b4 Be7 12. Nd6 f6 13. b5 Na5 14. Nd2 1-0

[Event "*** SCC Grand Prix: Titled Tuesday Blitz"]
[Site "Chess.com"]
[Date "2020.07.07"]
[Round "10"]
[White "guillejr"]
[Black "rugbyclub"]
[Result "1-0"]
[WhiteElo "1968"]
[BlackElo "2109"]
[TimeControl "180+1"]
[EndTime "11:56:37 PDT"]
[Termination "guillejr won by resignation"]

1. e4 e5 2. Nf3 Nc6 3. d4 exd4 4. Nxd4 Nf6 5. Nxc6 bxc6 6. e5 Qe7 7. Qe2 Nd5 8.
c4 Nb6 9. b3 a5 10. Bb2 Qe6 11. g3 a4 12. Bg2 Bb4+ 13. Nd2 O-O 14. O-O a3 15. Bd4 c5 16. Bxa8 cxd4 17. Bg2 d6 18.
f4 Re8 19. Ne4 dxe5 20. f5 Qd7 21. Qg4 Kh8 22. Qh5 f6 23. g4 c5 24. g5 Bb7 25.
gxf6 Bxe4 26. fxg7+ Qxg7 27. Qxe8+ Qg8 28. Qxg8+ Kxg8 29. Bxe4 1-0

[Event "*** SCC Grand Prix: Titled Tuesday Blitz"]
[Site "Chess.com"]
[Date "2020.07.07"]
[Round "10"]
[White "Fins0905"]
[Black "Crazy_girl99"]
[Result "1/2-1/2"]
[WhiteElo "2621"]
[BlackElo "2474"]
[TimeControl "180+1"]
[EndTime "11:56:40 PDT"]
[Termination "Game drawn by repetition"]

1. d4 d5 2. c4 c6 3. Nf3 Nf6 4. Nc3 g6 5. cxd5 cxd5 6. Bf4 Bg7 7. e3 O-O 8. Bd3 Nc6 9. Rc1 h6 10. h3 Be6 11. O-O Rc8 12. Na4 Nd7 13. a3 Na5 14. Nd2 a6 15. b3 b5 16. Nc5 Nxc5 17. Rxc5 Rxc5 18. dxc5 d4 19. e4 Qc8 20. Qc2 Rd8 21.
Rc1 Nc6 22. Nf3 Qb7 23. Kh2 Rc8 24. Qd1 Na5 25. Nd2 Nc6 26. Nf3 Na5 27. Nd2 Nc6 28. Nf3 1/2-1/2

[Event "*** SCC Grand Prix: Titled Tuesday Blitz"]
[Site "Chess.com"]
[Date "2020.07.07"]
[Round "10"]
[White "S-Fazulyanov"]
[Black "gliglu"]
[Result "0-1"]
[WhiteElo "2523"]
[BlackElo "2426"]
[TimeControl "180+1"]
[EndTime "11:56:43 PDT"]
[Termination "gliglu won by resignation"]

1. e4 e6 2. d4 d5 3. e5 c5 4.
c3 Nc6 5. Nf3 Qb6 6. a3 c4 7.
Nbd2 Na5 8. g3 Bd7 9. h4 Ne7 10. Bh3 Nc8 11. O-O Qc7 12. Qe2 Nb6 13. Re1 O-O-O 14.
Ng5 Be8 15. f4 h6 16. Ngf3 Be7 17. Nf1 Bd7 18. Be3 Rdg8 19. Kg2 Kb8 20. N1h2 Qd8 21. Rf1 Nb3 22. Rae1 f5 23. exf6 gxf6 24. Nd2 f5 25. h5 Rg7 26. Rf3 Rhg8 27. Bf2 Nxd2 28. Qxd2 Qe8 29.
Rfe3 Qxh5 30. Qe2 Qxe2 31. R1xe2 Bd6 32. Nf3 Bxf4 33. Rxe6 Bxe6 34. Rxe6 Rxg3+ 35. Bxg3 Rxg3+ 36. Kf2 Rxh3 37. Rf6 Rh1 0-1

[Event "*** SCC Grand Prix: Titled Tuesday Blitz"]
[Site "Chess.com"]
[Date "2020.07.07"]
[Round "10"]
[White "Veiso"]
[Black "shineatchess"]
[Result "1-0"]
[WhiteElo "2380"]
[BlackElo "2189"]
[TimeControl "180+1"]
[EndTime "11:56:46 PDT"]
[Termination "Veiso won by checkmate"]

1. d4 Nf6 2. c4 e6 3. Nc3 d5 4. Nf3 Be7 5. Bg5 O-O 6. e3 h6 7. Bxf6 Bxf6 8. Rc1 c6 9. h4 Nd7 10. g4 Re8 11. g5 hxg5 12. hxg5 Bxg5 13. Qd3 Nf8 14. Nxg5 Qxg5 15. Be2 dxc4 16. Qxc4 Qg2 17. Kd2 Qxf2 18. Rcf1 Qg3 19. Ne4 Qc7 20. Bh5 Re7 21. Qe2 Qa5+ 22. Kc2 g6 23. Qh2 Qxa2 24. Nf6+ Kg7 25. Bxg6 Qc4+ 26. Kb1 fxg6 27. Qh8+ Kf7 28. Qg8# 1-0

[Event "*** SCC Grand Prix: Titled Tuesday Blitz"]
[Site "Chess.com"]
[Date "2020.07.07"]
[Round "10"]
[White "elohunter1999"]
[Black "BocharovD"]
[Result "0-1"]
[WhiteElo "2491"]
[BlackElo "2763"]
[TimeControl "180+1"]
[EndTime "11:56:48 PDT"]
[Termination "BocharovD won by resignation"]

1. e4 c5 2. Nf3 d6 3. d4 cxd4 4.
Nxd4 Nf6 5. Nc3 a6 6. h3 e5 7. Nb3 Be6 8. f4 b5 9. Qf3 Nbd7 10. f5 Bc4 11. Be3 Rc8 12. a3 Be7 13. g4 h6 14. Bd3 d5 15. Nxd5 Nxd5 16. exd5 Bh4+ 17. Kf1 Nf6 18. Nd2 Bxd5 19. Ne4 Rc4 20. Nxf6+ Bxf6 21. Qe2 Bxh1 22. Bxc4 bxc4 23. Qxc4 O-O 24. Kg1 Ba8 25.
Kh2 Bg5 0-1

[Event "*** SCC Grand Prix: Titled Tuesday Blitz"]
[Site "Chess.com"]
[Date "2020.07.07"]
[Round "10"]
[White "talaicito"]
[Black "fridaywins"]
[Result "1-0"]
[WhiteElo "2165"]
[BlackElo "2271"]
[TimeControl "180+1"]
[EndTime "11:56:52 PDT"]
[Termination "talaicito won by resignation"]

1. d4 Nf6 2. Nc3 g6 3. e4 d6 4.
Bf4 Bg7 5. Qd2 c5 6. dxc5 dxc5 7.
Qxd8+ Kxd8 8. O-O-O+ Nbd7 9. Nf3 h6 10. Bc4 Ng4 11.
Rd2 a6 12. Nd5 b5 13. Nb6 Ra7 14. Bxf7 Rf8 15. Be6 Rxf4 16. Rhd1 Bd4 17. Nxc8 Kxc8 18. Nxd4 Nxf2 19. Nc6 Rc7 20. Nxe7+ Kb8 21. Nd5 Nxd1 22.
Nxf4 Nf8 23. Rxd1 Nxe6 24. Nxe6 Re7 25. Rd6 c4 26. e5 Kb7 27. Kd2 1-0

[Event "*** SCC Grand Prix: Titled Tuesday Blitz"]
[Site "Chess.com"]
[Date "2020.07.07"]
[Round "10"]
[White "GameOverBro"]
[Black "Korchmar_Vasiliy"]
[Result "0-1"]
[WhiteElo "2506"]
[BlackElo "2638"]
[TimeControl "180+1"]
[EndTime "11:56:53 PDT"]
[Termination "Korchmar_Vasiliy won by resignation"]

1. e4 c5 2. Ne2 d6 3. g3 Nc6 4.
Bg2 Nf6 5. c3 e6 6. O-O Be7 7.
d4 O-O 8. h3 Qc7 9. Be3 b5 10.
Nd2 Bb7 11. Rc1 Rad8 12. f4 d5 13. e5 Ne4 14. Nxe4 dxe4 15. Bxe4 Nxd4 16. Bxb7 Nxe2+ 17. Qxe2 Qxb7 18. Qg2 Qa6 19. a3 Qa4 20. f5 exf5 21.
Rxf5 Rd3 22. Qf3 g6 23. Rf4 Qb3 24. Rf1 Bg5 25. Re4 Qxb2 26. e6 Qxc3 27. exf7+ Kg7 28.
Re1 Qxe1+ 0-1

[Event "*** SCC Grand Prix: Titled Tuesday Blitz"]
[Site "Chess.com"]
[Date "2020.07.07"]
[Round "10"]
[White "mirochka"]
[Black "ArnieChipmunk"]
[Result "0-1"]
[WhiteElo "2146"]
[BlackElo "2313"]
[TimeControl "180+1"]
[EndTime "11:56:54 PDT"]
[Termination "ArnieChipmunk won by resignation"]

1. e4 e5 2. Nf3 d6 3. d4 f5 4. dxe5 fxe4 5. Ng5 d5 6. e6 Nc6 7. Nf7 Qf6 8. Nxh8 Bc5 9. Qh5+ g6 10. Qxh7 Qxf2+ 11.
Kd1 Bxe6 12. Qxg6+ Kd7 13. Bb5 Ne7 14. Qg3 Qd4+ 15. Bd2 e3 16. c3 Qxh8 17. Bxe3 Nf5 18. Bxc6+ bxc6 19. Qf3 Nxe3+ 20. Kc1 Qh7 21. Qe2 Rf8 22.
b4 Bg4 23. Qd2 Nc4 24. Qc2 Be3+ 25. Nd2 Bxd2+ 0-1

[Event "*** SCC Grand Prix: Titled Tuesday Blitz"]
[Site "Chess.com"]
[Date "2020.07.07"]
[Round "10"]
[White "nikitakhoroshev"]
[Black "Ural_bogatyr"]
[Result "1-0"]
[WhiteElo "2514"]
[BlackElo "2366"]
[TimeControl "180+1"]
[EndTime "11:56:55 PDT"]
[Termination "nikitakhoroshev won by resignation"]

1. d4 Nf6 2. c4 e5 3. dxe5 Ng4 4. e3 Nxe5 5. Nh3 d5 6. cxd5 Bxh3 7. gxh3 Qh4 8. Bg2 Qc4 9. Nc3 Bb4 10. Qd4 Nd3+ 11.
Kd2 Qxd4 12. exd4 Nxc1 13. Re1+ Kd8 14. Raxc1 Nd7 15. a3 Ba5 16. b4 Bb6 17. Kd3 Nf6 18. d6 c6 19. Re7 Nd7 20. Rxf7 Rf8 21. Rxf8+ Nxf8 22. Re1 Kd7 23. Re7+ Kxd6 24. Rxb7 Ke6 25. Bxc6 Rd8 26. d5+ Kf6 27. Ne4+ Kg6 28. h4 Ne6 29. h5+ Kxh5 30. Kc4 Nf4 31. Rxg7 Kh6 32. Rg4 Ng6 33.
Kb5 Bd4 34. f4 Rb8+ 35. Kc4 Be3 36. Nc5 Bxf4 37. Nd3 Bd6 38. h3 Rf8 39. Re4 Rf3 40.
Re6 Bh2 41. d6 Rxd3 42. Rxg6+ Kxg6 43. Be4+ Kh6 44. Bxd3 Bxd6 45. Kd5 Bf8 46. Kc6 a5 47. bxa5 Bxa3 48. a6 1-0

[Event "*** SCC Grand Prix: Titled Tuesday Blitz"]
[Site "Chess.com"]
[Date "2020.07.07"]
[Round "10"]
[White "DonBroca"]
[Black "novocane"]
[Result "0-1"]
[WhiteElo "2128"]
[BlackElo "2266"]
[TimeControl "180+1"]
[EndTime "11:56:59 PDT"]
[Termination "novocane won by resignation"]

1. c4 e5 2. Nc3 Bb4 3. e3 Bxc3 4.
dxc3 Nc6 5. Nf3 Nge7 6. Be2 d6 7. O-O O-O 8. b4 f6 9. e4 Be6 10. Nd2 f5 11. exf5 Bxf5 12. Nb3 Kh8 13. f4 Ng6 14. fxe5 Ngxe5 15. Nd4 Bd7 16. a4 a5 17. b5 Ne7 18.
Ba3 b6 19. Nf3 N7g6 20. Qd2 Qe7 21. Rae1 Rae8 22. Nd4 Rxf1+ 23. Bxf1 Rf8 24. Bd3 Qh4 25. Bc1 Nxd3 26. Qxd3 Qxe1+ 0-1

[Event "*** SCC Grand Prix: Titled Tuesday Blitz"]
[Site "Chess.com"]
[Date "2020.07.07"]
[Round "10"]
[White "VladimirBugayev"]
[Black "harlem4brew"]
[Result "0-1"]
[WhiteElo "2233"]
[BlackElo "2134"]
[TimeControl "180+1"]
[EndTime "11:56:59 PDT"]
[Termination "harlem4brew won on time"]

1. e4 e5 2. Nf3 Nc6 3. Nc3 Nf6 4. d4 exd4 5. Nxd4 Bb4 6. Nxc6 bxc6 7. Bd3 d5 8. exd5 cxd5 9. O-O O-O 10. h3 Bxc3 11. bxc3 c5 12. c4 d4 13. Qf3 Rb8 14. Bf4 Rb6 15.
Rfe1 Bb7 16. Qd1 Qa8 17. f3 Nh5 18. Bc7 Rf6 19. Qd2 Qc8 20. Bh2 Re6 21. g4 Nf6 22.
Rxe6 Qxe6 23. Re1 Qc6 24. Be4 Nxe4 25. fxe4 Re8 26. Qf4 h6 27. Rf1 Qg6 28. Qf5 Bxe4 29. Qxg6 Bxg6 30. Rf2 Re1+ 31. Kg2 Be4+ 32. Kg3 Re3+ 33.
Kf4 g5+ 34. Ke5 Bxc2+ 35. Kd6 d3 36. Be5 Rxh3 0-1

[Event "*** SCC Grand Prix: Titled Tuesday Blitz"]
[Site "Chess.com"]
[Date "2020.07.07"]
[Round "10"]
[White "Rodalquilar"]
[Black "albi1999"]
[Result "1-0"]
[WhiteElo "2631"]
[BlackElo "2490"]
[TimeControl "180+1"]
[EndTime "11:57:02 PDT"]
[Termination "Rodalquilar won by resignation"]

1. d4 d5 2. Bf4 c5 3. e3 cxd4 4. exd4 Nc6 5. Nf3 Bf5 6. c3 e6 7.
Nbd2 f6 8. Nh4 g5 9. Qh5+ Kd7 10. g4 Bc2 11. Rc1 Ba4 12. Ng6 hxg6 13. Qxh8 Nce7 14. Bg3 Rc8 15. Nb3 b6 16. Ba6 Rc6 17. Bb7 Bb5 18. Nd2 Qe8 19. a4 Bd3 20. Qh3 f5 21. Be5 Be4 22.
f3 Bd3 23. Qg3 f4 24. Qf2 Rd6 25. Bxd6 Kxd6 26. c4 Qb8 27. Ba6 Kd7 28. Bb5+ Kd8 29. Rc3 dxc4 30. Nxc4 Bxc4 31. Bxc4 Nd5 32. Bxd5 exd5 33.
O-O Nf6 34. Rfc1 Bd6 35. Qc2 Kd7 36. Qxg6 1-0

[Event "*** SCC Grand Prix: Titled Tuesday Blitz"]
[Site "Chess.com"]
[Date "2020.07.07"]
[Round "10"]
[White "zaur-mammadov"]
[Black "Dyadya81"]
[Result "1-0"]
[WhiteElo "2622"]
[BlackElo "2726"]
[TimeControl "180+1"]
[EndTime "11:57:03 PDT"]
[Termination "zaur-mammadov won by resignation"]

1. e4 c6 2. c4 d5 3. cxd5 cxd5 4. exd5 Nf6 5. Bb5+ Nbd7 6. Nc3 g6 7. d4 Bg7 8. d6 exd6 9. Qe2+ Qe7 10. Bf4 Qxe2+ 11.
Bxe2 Ke7 12. Bf3 Nb6 13. Nge2 Rd8 14. O-O Be6 15. Rfe1 Rd7 16. Rac1 a6 17. d5 Nfxd5 18. Nxd5+ Nxd5 19. Bxd5 Bxd5 20. Nc3+ Be6 21. Nd5+ Kf8 22.
Nb6 Rad8 23. Nxd7+ Rxd7 24. Bg5 Bxb2 25. Bh6+ Ke7 26. Rc8 d5 27. g4 d4 28. g5 Kd6 29.
Bf8+ Re7 30. Rd8+ Kc7 31. Bxe7 Bc3 32. Rc1 Kb6 33. Bf6 1-0

[Event "*** SCC Grand Prix: Titled Tuesday Blitz"]
[Site "Chess.com"]
[Date "2020.07.07"]
[Round "10"]
[White "BlackBoarder"]
[Black "anesar92"]
[Result "1-0"]
[WhiteElo "2615"]
[BlackElo "2712"]
[TimeControl "180+1"]
[EndTime "11:57:03 PDT"]
[Termination "BlackBoarder won on time"]

1. e4 c5 2. Nf3 d6 3. c3 Nf6 4. h3 Nbd7 5. Bd3 b6 6. O-O Bb7 7. Re1 Rc8 8. Bc2 Qc7 9. Na3 e6 10. d4 cxd4 11. cxd4 d5 12. exd5 Bxa3 13. dxe6 fxe6 14.
Rxe6+ Kf8 15. Bb3 Bd6 16. Ng5 Qb8 17. Re1 1-0

[Event "*** SCC Grand Prix: Titled Tuesday Blitz"]
[Site "Chess.com"]
[Date "2020.07.07"]
[Round "10"]
[White "TamirNabaty"]
[Black "viditchess"]
[Result "1-0"]
[WhiteElo "2876"]
[BlackElo "3001"]
[TimeControl "180+1"]
[EndTime "11:57:05 PDT"]
[Termination "TamirNabaty won by resignation"]

1. e4 e5 2. Bc4 Nf6 3. d3 Nc6 4. a3 Bc5 5. Nc3 h6 6. h3 d6 7.
Nge2 a5 8. O-O Be6 9. Ng3 O-O 10.
Kh1 Re8 11. b3 Bd4 12. Bd2 d5 13. exd5 Nxd5 14. Nge2 Nxc3 15. Bxc3 Qd7 16. Bxd4 exd4 17. Ng3 Bxc4 18. bxc4 Ne5 19. Qh5 Ra6 20. f4 Nc6 21. f5 f6 22. Ne4 Rxe4 23. dxe4 Ne5 24. Rab1 b6 25. Rb5 c6 26. Rxe5 fxe5 27. f6 Ra8 28.
f7+ Kf8 29. Qg6 Ke7 30. f8=Q+ 1-0

[Event "*** SCC Grand Prix: Titled Tuesday Blitz"]
[Site "Chess.com"]
[Date "2020.07.07"]
[Round "10"]
[White "BeanScreen"]
[Black "Semen_Khanin"]
[Result "0-1"]
[WhiteElo "2576"]
[BlackElo "2718"]
[TimeControl "180+1"]
[EndTime "11:57:06 PDT"]
[Termination "Semen_Khanin won by resignation"]

1. e4 c6 2. d4 d5 3. exd5 cxd5 4. Bd3 Nc6 5. c3 Nf6 6. Bf4 Bg4 7. Qb3 Qd7 8. Nd2 e6 9. Ngf3 Bd6 10. Bxd6 Qxd6 11.
O-O O-O 12. Rfe1 Bxf3 13. Nxf3 Nd7 14. Qc2 h6 15. Qd2 a6 16. a4 Rac8 17. Re3 Na5 18. Ne5 Nb3 19. Qd1 Nxa1 20. Qxa1 Nxe5 21. dxe5 Qb6 22. Rg3 d4 23. Qc1 Kh8 24. Qf4 Qxb2 25. h4 Rxc3 26. Qe4 g6 27. h5 Rc1+ 28. Kh2 Qxf2 29. hxg6 Rh1+ 30. Kxh1 Qxg3 31. g7+ Qxg7 32. Qxd4 Rc8 33. Kh2 Qg5 34. Qe4 Qh5+ 35. Kg3 Qg6+ 36.
Qxg6 fxg6 37. Bxg6 Rg8 38. Kh4 Rxg6 39. g4 b5 40. a5 b4 41. Kh5 Kh7 0-1

[Event "*** SCC Grand Prix: Titled Tuesday Blitz"]
[Site "Chess.com"]
[Date "2020.07.07"]
[Round "10"]
[White "jonaszmb"]
[Black "saraswathii"]
[Result "0-1"]
[WhiteElo "2450"]
[BlackElo "2361"]
[TimeControl "180+1"]
[EndTime "11:57:07 PDT"]
[Termination "saraswathii won on time"]

1. e4 c5 2. Nf3 e6 3. c3 Nf6 4. e5 Nd5 5. d4 cxd4 6. cxd4 Nc6 7. Nc3 Bb4 8. Bd2 Nb6 9. Bd3 d6 10.
Ne4 dxe5 11. Bxb4 Nxb4 12. Bb5+ Bd7 13. Bxd7+ Qxd7 14. Qb3 Qa4 15. Qxa4+ Nxa4 16. O-O exd4 17. Nxd4 Ke7 18. b3 Nb6 19. Nc5 Rhd8 20. Rad1 Rd5 21.
Nxb7 Rb8 22. a3 Rxb7 23. axb4 Kf6 24. Nc6 Rc7 25. Na5 Rxd1 26. Rxd1 Nd5 27. b5 Nc3 28. Re1 Nxb5 29. g3 Nd4 30. b4 Nf3+ 31. Kf1 Nxe1 32. Kxe1 Rc2 33. b5 Rc5 34. b6 Rxa5 0-1

[Event "*** SCC Grand Prix: Titled Tuesday Blitz"]
[Site "Chess.com"]
[Date "2020.07.07"]
[Round "10"]
[White "GMNickPert"]
[Black "Ave_Mariia"]
[Result "1-0"]
[WhiteElo "2658"]
[BlackElo "2384"]
[TimeControl "180+1"]
[EndTime "11:57:09 PDT"]
[Termination "GMNickPert won by resignation"]

1. d4 Nf6 2. Nf3 e6 3. c4 d5 4. Nc3 Bb4 5. cxd5 exd5 6. Bf4 O-O 7.
Rc1 c6 8. e3 Ne4 9. Bd3 Bg4 10.
Qc2 Bxf3 11. gxf3 Nf6 12. Rg1 g6 13. Kf1 Nbd7 14. Ne2 Re8 15. Ng3 Bf8 16. h4 c5 17.
h5 cxd4 18. Bc7 Qe7 19. hxg6 fxg6 20. Bxg6 hxg6 21. Qxg6+ Kh8 22. Rh1+ Nh7 23. Kg2 Nf6 24.
Nf5 Qd7 25. Bg3 Bb4 26. Rc7 1-0

[Event "*** SCC Grand Prix: Titled Tuesday Blitz"]
[Site "Chess.com"]
[Date "2020.07.07"]
[Round "10"]
[White "XiaoKangZhong"]
[Black "monalize"]
[Result "1-0"]
[WhiteElo "2402"]
[BlackElo "2271"]
[TimeControl "180+1"]
[EndTime "11:57:13 PDT"]
[Termination "XiaoKangZhong won by resignation"]

1. e4 c5 2. c3 Nf6 3. e5 Nd5 4. d4 cxd4 5. Nf3 d6 6. cxd4 Nc6 7. Bc4 Nb6 8. Bb5 dxe5 9. Nxe5 Bd7 10. Nxd7 Qxd7 11.
Nc3 e6 12. O-O Rd8 13. Be3 Be7 14. Qf3 O-O 15. Bxc6 bxc6 16. Rfd1 f5 17. Rac1 f4 18. Bxf4 Bd6 19. Ne2 Nd5 20. g3 Bxf4 21. Nxf4 e5 22. dxe5 g5 23. e6 Qg7 24. e7 Qxe7 25. Qg4 Nxf4 26.
gxf4 Rxd1+ 27. Qxd1 Rxf4 28. Rxc6 Re4 29. Qb3+ Kg7 30. Qc3+ 1-0

[Event "*** SCC Grand Prix: Titled Tuesday Blitz"]
[Site "Chess.com"]
[Date "2020.07.07"]
[Round "10"]
[White "ammarzooqi"]
[Black "Vandros57"]
[Result "0-1"]
[WhiteElo "2163"]
[BlackElo "2118"]
[TimeControl "180+1"]
[EndTime "11:57:13 PDT"]
[Termination "Vandros57 won by resignation"]

1. e4 c5 2. Nc3 e6 3. f4 d5 4. d3 dxe4 5. Nxe4 Nd7 6. Nf3 Ngf6 7.
Nxf6+ Nxf6 8. g3 Bd7 9. Bg2 Bc6 10. O-O Be7 11. b3 Bxf3 12. Bxf3 Qd4+ 13. Rf2 Qxa1 14. Bxb7 O-O 15. Bxa8 Rxa8 16. c4 Rd8 17. Rb2 Rxd3 18. Qc2 h5 19. Kg2 Rd7 20. Bd2 Ne4 21.
Bc1 Bf6 22. Rb1 Qd4 23. b4 Nd2 24. Rb2 Qe4+ 25. Qxe4 Nxe4 26. bxc5 Bxb2 27. Bxb2 Rd2+ 0-1

[Event "*** SCC Grand Prix: Titled Tuesday Blitz"]
[Site "Chess.com"]
[Date "2020.07.07"]
[Round "10"]
[White "sergeikim"]
[Black "FMKonstantin_Twitch"]
[Result "0-1"]
[WhiteElo "2408"]
[BlackElo "2557"]
[TimeControl "180+1"]
[EndTime "11:57:14 PDT"]
[Termination "FMKonstantin_Twitch won on time"]

1. d4 Nf6 2. c4 e6 3. Nc3 Bb4 4. Qc2 O-O 5. a3 Bxc3+ 6. Qxc3 b6 7. Nf3 Bb7 8. g3 Ne4 9. Qc2 f5 10. Bg2 d6 11. O-O Nd7 12. Ng5 Nxg5 13. Bxb7 Rb8 14. Bg2 Nf7 15. b4 Nf6 16. Bb2 Qd7 17. Rad1 Rbe8 18. d5 e5 19. c5 g5 20. cxb6 cxb6 21.
Rc1 Rc8 22. Qd2 Rxc1 23. Rxc1 Rc8 24. Rc6 h6 25. Qc2 Re8 26. Rc7 Qd8 27. Rxa7 e4 28. Bh3 g4 29. Bf1 Ne5 30. Bxe5 Rxe5 31. e3 Re7 32.
Ra6 Rc7 33. Qd1 Nd7 34. Bb5 Qc8 35. Qd4 Ne5 36. Qxb6 Nf3+ 37. Kg2 Rc1 38. Bf1 Rxf1 0-1